 Dungeon Crawl Stone Soup version 0.31-a0-263-ge8cad7f256 (webtiles) character file.

Game seed: 10626653822135539770

12816 ryw the Grappler (level 11, -1/235 HPs)
             Began as a Troll Shapeshifter on July 14, 2023.
             Was a Priest of Makhleb.
             Slain by a culicivora (4 damage)
             ... on level 2 of the Lair of Beasts.
             The game lasted 00:19:04 (9035 turns).

ryw the Grappler (Troll Shapeshifter)               Turns: 9035, Time: 00:19:05

Health: -1/235     AC: 32    Str: 29    XL:     11   Next: 67%
Magic:  11/11      EV:  1    Int:  4    God:    Makhleb [***...]
Gold:   735        SH:  8    Dex: 10    Spells: 10/10 levels left

rFire   . .          .
                       - Unarmed
rCold   . . .        w - +0 kite shield {AC+3}
rNeg    . . .        J - melded +0 troll leather armour
rPois   +            (helmet currently unavailable)
rElec   .            (cloak currently unavailable)
rCorr   .            (gloves unavailable)
SInv    .            (boots unavailable)
Will    .....        s - amulet of regeneration Stlth
                     l - +4 ring of protection
HPRegen 2.19/turn    (no ring)
MPRegen 0.12/turn

%: no passive effects
@: mighty, berserking, tree-form, hasted, very quick
A: stationary, stasis, torment immunity, boosted hp, large, unfitting armour,
(claws 3), regeneration 1, (shaggy fur 1), (tough skin 1)
a: Renounce Religion, Minor Destruction, Lesser Servant of Makhleb


You were on level 2 of the Lair of Beasts.
You worshipped Makhleb.
Makhleb was most pleased with you.
You were a tree.
You visited 3 branches of the dungeon, and saw 12 of its levels.

You collected 735 gold pieces.

Inventory:

Missiles
 f - 10 javelins (quivered)
 v - 16 poisoned darts
 y - 4 boomerangs
 B - 3 throwing nets
Armour
 q - a +2 cloak of preservation
 w - a +0 kite shield of protection (worn)
 J - a +0 troll leather armour (melded)
 K - the +2 robe of Hangman {rC+ rCorr Str-3 Int+2}
   (You found it on level 1 of the Lair of Beasts)

   Str:       It affects your strength (-3).
   Int:       It affects your intelligence (+2).
   rC:        It protects you from cold.
   rCorr:     It protects you from acid and corrosion.
Jewellery
 l - a +4 ring of protection (left branch)
 s - an amulet of regeneration (around neck)
 A - a ring of fire
 M - a ring of magical power
Talismans
 a - a blade talisman
 c - a beast talisman
 F - a storm talisman
Wands
 k - a wand of flame (19)
 p - a wand of iceblast (4)
 D - a wand of paralysis (6)
 H - a wand of quicksilver (8)
 I - a wand of digging (12)
Scrolls
 d - 3 scrolls of immolation {unknown}
 e - 2 scrolls of poison
 g - 2 scrolls of revelation
 i - 2 scrolls of blinking
 j - 4 scrolls of fog
 m - a scroll of fear {unknown}
 n - a scroll of noise {unknown}
 o - 6 scrolls of teleportation
 r - 2 scrolls of silence
 u - 3 scrolls of brand weapon {unknown}
 C - 3 scrolls of enchant weapon
 O - a scroll of identify
Potions
 b - 4 potions of lignification
 h - 5 potions of attraction
 t - 2 potions of curing
 x - 3 potions of magic
 z - 3 potions of mutation
 N - a potion of heal wounds {unknown}


   Skills:
 + Level 5.6 Fighting
 + Level 3.7 Throwing
 + Level 3.2 Dodging
 - Level 5.0 Shields
 * Level 11.0 Unarmed Combat
 * Level 1.8 Invocations
 + Level 10.2 Shapeshifting


You had 10 spell levels left.
You didn't know any spells.
Your spell library contained the following spells:

 Spells                   Type           Power      Damage    Failure   Level
 Apportation              Tloc           0%         N/A       71%         1
 Kiss of Death            Conj/Necr      0%         2d5       71%         1
 Necrotise                Necr           0%         1d4       71%         1
 Sandblast                Erth           0%         2d4       71%         1
 Summon Small Mammal      Summ           0%         N/A       71%         1
 Blink                    Tloc           0%         N/A       85%         2
 Cigotuvi's Dreadful Rot  Necr/Pois/Air  0%         N/A       85%         2
 Passwall                 Tmut/Erth      0%         N/A       85%         2
 Poisonous Vapours        Pois/Air       0%         N/A       85%         2
 Confusing Touch          Hex            0%         N/A       97%         3
 Ignite Poison            Fire/Tmut/Pois 0%         N/A       97%         3
 Mephitic Cloud           Conj/Pois/Air  0%         N/A       97%         3
 Stone Arrow              Conj/Erth      0%         3d7       97%         3
 Animate Dead             Necr           0%         N/A       100%        4
 Dispel Undead            Necr           0%         3d6       100%        4
 Manifold Assault         Tloc           0%         N/A       100%        4
 Freezing Cloud           Conj/Ice/Air   0%         6-21      100%        5
 Haunt                    Necr/Summ      0%         N/A       100%        7
 Infestation              Necr           0%         N/A       100%        8


Dungeon Overview and Level Annotations

Branches:
Dungeon (9/15)             Temple (1/1) D:6            Lair (2/5) D:9
 Spider (0/4) Lair:2
  Swamp: Lair:2-3    Shoals: Lair:2-3       Orc: D:9-12

Altars:
Ashenzari
Cheibriados
Dithmenos
Elyvilon
Fedhas
Gozag
Hepliaklqana
Kikubaaqudgha
Makhleb
Nemelex Xobeh
Okawaru
Qazlal
Ru
Sif Muna
Trog
Xom
Yredelemnul

Shops:
D:8 [

Annotations:
D:5 2 transporters, knightboat's ghost, novice TeRe
D:6 3 runed translucent doors, cforsyth's ghost, novice OgSh


Innate Abilities, Weirdness & Mutations

You are a tree.
Your roots penetrate the ground, keeping you stationary.
You cannot be teleported.
You are immune to unholy pain and torment.
Your maximum health is greatly increased.
Your equipment is partially melded.
You are too large for most types of armour.
((You have claws for hands.))
Your natural rate of healing is unusually fast.
((You are covered in fur. (AC +1)))
((You have tough skin. (AC +1)))


Message History

The culicivora draws strength from your injuries!
The culicivora completely misses you.
The jumping spider leaps!
You pummel the culicivora!!
The culicivora is severely wounded.
The culicivora bites you but does no damage.
You block the culicivora's attack.
The culicivora is healed somewhat.
The culicivora bites you.
* * * LOW HITPOINT WARNING * * *
The culicivora draws strength from your injuries!
It was a potion of haste.
You feel yourself speed up. You block the culicivora's attack.
The culicivora bites you.
* * * LOW HITPOINT WARNING * * *
The culicivora draws strength from your injuries!
The culicivora bites you.
* * * LOW HITPOINT WARNING * * *
The culicivora draws strength from your injuries!
It was a potion of berserk rage.
A red film seems to cover your vision as you go berserk!
You feel yourself moving faster!
You feel mighty!
The culicivora bites you but does no damage.
You closely miss the culicivora.
The culicivora is heavily wounded.
The culicivora bites you!
* * * LOW HITPOINT WARNING * * *
The culicivora draws strength from your injuries!
The culicivora is healed somewhat.
You block the culicivora's attack.
You barely miss the culicivora.
The culicivora is lightly wounded.
You block the culicivora's attack. The culicivora bites you!
* * * LOW HITPOINT WARNING * * *
The culicivora draws strength from your injuries!
You barely miss the culicivora.
The culicivora is lightly wounded.
The culicivora bites you!
* * * LOW HITPOINT WARNING * * *
The culicivora draws strength from your injuries!
The culicivora bites you but does no damage.
You are too berserk!
You miss the culicivora. The culicivora bites you.
You die...

#......#...##..^.##...#......####
#........... ^^.^.#...##.##..##..
##......#... #^^.##..##.##..#.#.
#.......... #...##..#..#......
#.#...#... #........##...###
#....#....# #........##..## #
#.#...#.... ##s...#.#......###
##.#..##.... #ss##..#..##..P##.
#......... #♣###..##.#....###
##....##.. ### #.#.......####
##.P....... #.##..#...P#.#
#.......... #.##..PP......
##......... #.........##..
##....P.<.. ## #.........###.
#.....##..# ...## ........##..
#...P..#..# ..... ....###.P#P.
#...#.##..##..... [... ..##P.


You could see 3 culicivoras.

Vanquished Creatures
  Erolcha (D:9)
  6 elephants (Lair:1)
  A black mamba (Lair:1)
  2 cane toads
  A komodo dragon (Lair:2)
  A polar bear (Lair:1)
  A troll (D:9)
  6 dream sheep (Lair:2)
  A culicivora (Lair:2)
  A wraith (D:9)
  A wyvern (D:9)
  13 yaks
  2 steam dragons
  3 vampire mosquitoes (D:9)
  4 basilisks
  An acid dragon (D:8)
  4 water moccasins
  An orc warrior (D:9)
  3 black bears
  An ogre (D:7)
  2 centaurs
  A phantom (D:6)
  A kobold brigand (D:9)
  6 bullfrogs
  A gnoll sergeant (D:7)
  4 scorpions
  12 wights
  11 killer bees
  2 electric eels (Lair:1)
  3 howler monkeys (D:9)
  5 hounds
  6 orc priests
  Crazy Yiuf (D:2)
  A jelly (D:7)
  A gnoll bouda (D:7)
  2 sleepcaps
  4 iguanas
  5 orc wizards
  8 gnolls (D:7)
  2 adders (D:5)
  2 white imps (D:5)
  An ufetubus (D:5)
  22 orcs
  7 ball pythons
  4 endoplasms
  5 goblins
  4 hobgoblins
  3 quokkas
  4 bats
  2 frilled lizards
  5 kobolds
  9 rats
200 creatures vanquished.

Vanquished Creatures (others)
  An orc wizard (D:4)
1 creature vanquished.

Grand Total: 201 creatures vanquished

Notes
Turn   | Place    | Note
-------+----------+-------------------------------------------
     0 | D:1      | ryw the Troll Shapeshifter began the quest for the Orb.
     0 | D:1      | Reached XP level 1. HP: 19/19 MP: 0/0
    70 | D:1      | Reached XP level 2. HP: 28/28 MP: 1/1
   532 | D:2      | Found a burning altar of Makhleb.
   615 | D:2      | Identified the +2 plate armour "Xiossoag" {rC+}
   842 | D:2      | Found a runed translucent door.
   843 | D:2      | Noticed Crazy Yiuf
  1023 | D:2      | Reached XP level 3. HP: 35/35 MP: 2/2
  1184 | D:2      | Killed Crazy Yiuf
  1282 | D:3      | Reached skill level 3 in Unarmed Combat
  1282 | D:3      | Reached XP level 4. HP: 42/42 MP: 3/3
  1732 | D:3      | Found an iron altar of Okawaru.
  2081 | D:4      | Noticed a scorpion
  2086 | D:4      | Killed a scorpion
  2087 | D:4      | Reached XP level 5. HP: 34/49 MP: 4/4
  2159 | D:4      | Reached skill level 1 in Throwing
  2244 | D:4      | Noticed a black bear
  2291 | D:4      | Killed a black bear
  2292 | D:4      | Reached skill level 1 in Shields
  2292 | D:4      | Reached XP level 6. HP: 50/57 MP: 5/5
  2656 | D:5      | Entered Level 5 of the Dungeon
  2723 | D:5      | Reached skill level 4 in Unarmed Combat
  2723 | D:5      | Reached skill level 5 in Shapeshifting
  2753 | D:5      | Noticed knightboat's ghost (novice TeRe)
  2930 | D:5      | Found a transporter.
  2936 | D:5      | Found a transporter.
  2992 | D:5      | Reached XP level 7. HP: 65/65 MP: 6/6
  3572 | D:6      | Found a runed translucent gate.
  3572 | D:6      | Found a runed translucent gate.
  3573 | D:6      | Found a runed translucent gate.
  3586 | D:6      | Noticed cforsyth's ghost (novice OgSh)
  3660 | D:6      | Found a blossoming altar of Fedhas.
  3694 | D:6      | You fall into a shaft and drop 3 floors!
  3833 | D:8      | Reached skill level 5 in Unarmed Combat
  3833 | D:8      | Reached XP level 8. HP: 66/73 MP: 7/7
  4138 | D:6      | Found a staircase to the Ecumenical Temple.
  4143 | Temple   | Entered the Ecumenical Temple
  4183 | Temple   | Became a worshipper of Makhleb the Destroyer
  4681 | D:6      | Reached skill level 6 in Unarmed Combat
  5000 | D:6      | Reached XP level 9. HP: 78/81 MP: 8/8
  5284 | D:7      | Reached * piety under Makhleb
  6060 | D:8      | Reached skill level 5 in Shields
  6081 | D:8      | Found Niggut's Armour Shop.
  6570 | D:9      | Noticed Erolcha
  6583 | D:9      | Killed Erolcha
  6584 | D:9      | Reached skill level 7 in Unarmed Combat
  6682 | D:9      | Reached XP level 10. HP: 90/91 MP: 9/9
  6826 | D:9      | Reached ** piety under Makhleb
  6898 | D:9      | Found a sacrificial altar of Ru.
  6915 | D:9      | Found a shimmering blue altar of Sif Muna.
  7121 | D:9      | Reached skill level 8 in Unarmed Combat
  7189 | D:9      | Found a broken altar of Ashenzari.
  7193 | D:9      | Found a hazy altar of Hepliaklqana.
  7196 | D:9      | Found a shimmering altar of Xom.
  7360 | D:9      | Found a staircase to the Lair.
  7445 | Lair:1   | Entered Level 1 of the Lair of Beasts
  7508 | Lair:1   | Identified the +2 robe of Hangman {rC+ rCorr Str-3 Int+2}
  7616 | Lair:1   | Reached skill level 9 in Unarmed Combat
  7812 | Lair:1   | Noticed a black mamba
  7823 | Lair:1   | Killed a black mamba
  7887 | Lair:1   | Noticed a cane toad
  7900 | Lair:1   | Killed a cane toad
  7919 | Lair:1   | Found an ancient bone altar of Kikubaaqudgha.
  7956 | Lair:1   | Reached XP level 11. HP: 101/101 MP: 10/10
  7960 | Lair:1   | Reached skill level 5 in Fighting
  8055 | Lair:1   | Reached skill level 10 in Unarmed Combat
  8115 | Lair:1   | Reached skill level 10 in Shapeshifting
  8564 | Lair:2   | Reached *** piety under Makhleb
  8768 | Lair:2   | Reached skill level 1 in Invocations
  8952 | Lair:2   | Reached skill level 11 in Unarmed Combat
  9003 | Lair:2   | Found a hole to the Spider Nest.
  9034 | Lair:2   | HP: 2/235 [culicivora (11)]
  9035 | Lair:2   | Slain by a culicivora

Illustrated notes

Levels and vault maps discovered:
D:1:      minmay_arrival_solitary_statue, layout_rooms,
          nicolae_figureground_pulse
D:2:      layout_basic, basic_altar, uniq_crazy_yiuf_cottage
D:3:      layout_loops_cross, marbit_many_paths, serial_park_tiny_pond,
          nicolae_concentric_dashed_squares_mild, amethyst_killhole
D:4:      layout_basic
D:5:      layout_cave_pods, gammafunk_ghost_arena
D:6:      layout_basic, lemuel_tele_altar, minmay_temple_entry_from_below_a,
          gammafunk_ghost_split
D:7:      layout_loops_corners
D:8:      layout_basic, serial_shops, nicolae_diamond_shop
D:9:      layout_gridville, minmay_overflow_temple_star_quad, minitemple,
          erik_lair_dragon, hangedman_decor_riveting, uniq_erolcha
Temple:   compressed_dpeg_circular_temple
Lair:1:   layout_gridlike, basic_altar
Lair:2:   layout_long_grid, spider_nest_entry_funnel_web, serial_forest,
          infiniplex_forest_straight_2, infiniplex_forest_straight_5,
          infiniplex_forest_zigzag_1, infiniplex_forest_corner_1,
          infiniplex_forest_diagonal, infiniplex_forest_lined_corner,
          infiniplex_forest_clump_long, minmay_hedge_maze

Skill      XL: |  1  2  3  4  5  6  7  8  9 10 11 |
---------------+----------------------------------+-----
Fighting       | 2 3 4 5 |  5.6
Dodging        | 2 3 |  3.2
Unarmed Combat | 3 4 5 6 7 9 11 | 11.0
Shapeshifting  | 4 5 6 7 9 10 | 10.2
Throwing       | 1 3 |  3.7
Shields        | 1 3 4 5 |  5.0
Invocations    | 1 |  1.8

Action                     |  1- 3 |  4- 6 |  7- 9 | 10-12 || total
---------------------------+-------+-------+-------+-------++-------
  Melee: Unarmed           |    46 |    94 |   203 |   260 ||   603
  Throw: Javelin           |       |     1 |     7 |       ||     8
    Use: Potion            |       |     5 |     1 |     4 ||    10
         Scroll            |       |       |     9 |       ||     9
   Stab: Sleeping          |       |       |     1 |       ||     1
 Armour: Animal skin       |    14 |    51 |    75 |    10 ||   150
         Troll leather arm |       |       |       |   110 ||   110
         Skin              |       |       |       |    18 ||    18
  Dodge: Dodged            |    24 |    36 |    68 |    83 ||   211
  Block: Kite shield       |       |    24 |    99 |    93 ||   216
   Form: Blade             |       |       |       |     1 ||     1
         Beast             |       |       |       |     1 ||     1

Table legend: (Time is in decaauts)
 A = Elapsed time spent in this place.
 B = Non-inter-level travel time spent in this place.
 C = Inter-level travel time spent in this place.
 D = Time resting spent in this place.
 E = Time spent auto-exploring this place.
 F = Levels seen in this place.
 G = Mean time per level.
                   A        B        C        D        E       F      G
               +--------+--------+--------+--------+--------+-----+--------+
         Total |   9027 |   8603 |    424 |    736 |   6200 |  12 |  752.2 |
       Dungeon |   7396 |   7033 |    363 |    451 |   5331 |   9 |  821.8 |
        Temple |     60 |     41 |     19 |      0 |      0 |   1 |   60.0 |
          Lair |   1570 |   1528 |     42 |    285 |    869 |   2 |  785.0 |
               +--------+--------+--------+--------+--------+-----+--------+

Top non-repeatable levels by time:
     D:7: 1110 daAuts
  Lair:1: 1015 daAuts
     D:9: 909 daAuts
     D:6: 903 daAuts
     D:5: 892 daAuts
     D:8: 884 daAuts
     D:4: 825 daAuts
     D:2: 726 daAuts
     D:3: 629 daAuts
  Lair:2: 555 daAuts
     D:1: 515 daAuts
  Temple: 60 daAuts
